 Dungeon Crawl Stone Soup version 0.25-a0-566-g062765b (webtiles) character file.

Game seed: 16984716216143513566, levelgen mode: deterministic

30 tyvek the Insei (level 3, -7/23 HPs)
             Began as an Octopode Transmuter on Feb 29, 2020.
             Killed from afar by Natasha (8 damage)
             ... with a magic dart
             ... on level 2 of the Dungeon.
             The game lasted 00:02:11 (1357 turns).

tyvek the Insei (Octopode Transmuter)               Turns: 1357, Time: 00:02:13

Health: -7/23      AC:  1    Str:  9    XL:     3   Next: 20%
Magic:  1/6        EV: 13    Int: 16    God:
Gold:   71         SH:  0    Dex: 12    Spells: 3/6 levels left

rFire    . . .     SeeInvis .     - Unarmed
rCold    . . .     Gourm    .   (no shield)
rNeg     . . .     Faith    .   (helmet restricted)
rPois    .         Spirit   .   (no amulet)
rElec    .         Reflect  .   (no ring)
rCorr    .         Harm     .   (no ring)
MR       .....                  (no ring)
Stlth    ++........             (no ring)
HPRegen  0.07/turn              (no ring)
MPRegen  0.10/turn              (no ring)
                                (no ring)
                                (no ring)

@: appendage (expiring), very slightly contaminated
A: almost no armour, stealthy swim, amphibious, 8 rings, constrict 8, tentacle
spike 3, camouflage 1, gelatinous body 1
a: End Transformation


You were on level 2 of the Dungeon.
You were not hungry.
One of your tentacles had a temporary spike.
You visited 1 branch of the dungeon, and saw 2 of its levels.

You collected 71 gold pieces.


Innate Abilities, Weirdness & Mutations

You cannot wear most types of armour.
You are very stealthy in the water. (Stealth+)
You are amphibious.
You can wear up to eight rings at the same time.
You can use your tentacles to constrict eight enemies at once.
Your skin changes colour to match your surroundings (Stealth+).
Your rubbery body absorbs attacks. (AC +1, EV +1)
One of your tentacles bears a large vicious spike.


   Skills:
 - Level 1.0 Fighting
 - Level 2.0 Dodging
 * Level 3.9 Unarmed Combat
 - Level 2.0 Spellcasting
 + Level 2.5 Transmutations


You had 3 spell levels left.
You knew the following spells:

 Your Spells              Type           Power        Failure   Level  Hunger
t - Sticks to Snakes      Tmut           #.......     11%         2    ###....
z - Beastly Appendage     Tmut           #.....       8%          1    #......

Your spell library contained the following spells:

 Spells                   Type           Power        Failure   Level  Hunger
 Spider Form              Tmut/Pois      #.........   36%         3    ###....
 Ice Form                 Ice/Tmut       #.......     77%         4    #####..
 Blade Hands              Tmut           #.........   90%         5    ######.

Inventory:

Missiles
 a - 28 arrows
Scrolls
 e - a scroll of amnesia {unknown}
 f - a scroll of identify {unknown}
 g - a scroll of teleportation {unknown}
Comestibles
 c - 2 rations

Dungeon Overview and Level Annotations

Branches:
Dungeon (2/15)

Altars:

Annotations:
D:2 Natasha

#.# #.#....♣
.♣♣ #.#
#.#.##(♣ ..♣
#.# #.#....♣
P.♣ #5#
#......♣♣..♣
#.#
##..)#..♣.♣
#h#
#.#.#(...#
#.#
#.#.#h..##
#h#
#.#.#...#
#.#
#.#.#@..#
#...#...#
#.###......
......?..
##P.♣P....
#..♣♣....
.PP. ♣P.. .
♣♣ .P.


You could see Natasha.


Message History

Your ball python bites Natasha.
Your ball python constricts Natasha.
Natasha struggles to escape constriction.
Your ball python bites Natasha but does no damage.
Your ball python constricts Natasha.
Unknown command.
Throwing (i - inventory)
b - a stone (quivered)
Press: ? - help, Shift-Dir - straight line, f/p - Natasha
Aim: Natasha (almost dead, constricted by your ball python)
You throw a stone. The stone barely misses Natasha.
Natasha claws your ball python.
Your ball python dies!
Casting: Beastly Appendage (safe; 8% risk of failure)
Confirm with . or Enter, or press ? or * to list all spells.
You don't have enough magic to cast that spell.
Firing (i - inventory) No suitable missiles.
Press: ? - help, Shift-Dir - straight line, f/p - Natasha
Aim: Natasha (almost dead)
Okay, then.
Firing (i - inventory) No suitable missiles.
Press: ? - help, Shift-Dir - straight line, f/p - Natasha
Aim: Natasha (almost dead)
Okay, then.
Firing (i - inventory) No suitable missiles.
Press: ? - help, Shift-Dir - straight line, f/p - Natasha
Aim: Natasha (almost dead)
Okay, then.
You aren't carrying any potions.
Natasha stares at you and mumbles some strange words.
The magic dart hits you!
You die...

Action                   || total
-------------------------++-------
Melee: Unarmed           ||    56
       Constrict         ||    14
       Kick              ||     8
       Tentacles         ||     7
       Punch             ||     1
Throw: Stone             ||     3
 Cast: Beastly Appendage ||    11
       Sticks to Snakes  ||     3
  Eat: Chunk             ||     2
Armor: Skin              ||     4
Dodge: Dodged            ||    43

Levels and vault maps discovered:
D:1:      lordsloth_arrival_two_stooges, layout_basic,
          chequers_serial_rivers_micro_b
D:2:      layout_loops_ring, old_standard_altar, serial_forest,
          infiniplex_forest_end_1, infiniplex_forest_clump_cross,
          infiniplex_forest_clump_cross, infiniplex_forest_corner_1,
          infiniplex_forest_lined_corner, infiniplex_forest_diagonal,
          infiniplex_forest_zigzag_1, infiniplex_forest_lined_room_2,
          infiniplex_forest_clump_medium, first_ration, uniq_natasha,
          uniq_jessica

Notes
Turn   | Place    | Note
-------+----------+-------------------------------------------
     0 | D:1      | tyvek the Octopode Transmuter began the quest for the Orb.
     0 | D:1      | Reached XP level 1. HP: 13/13 MP: 3/3
    47 | D:1      | Reached XP level 2. HP: 5/18 MP: 3/5
   829 | D:1      | Learned a level 2 spell: Sticks to Snakes
   961 | D:1      | Reached XP level 3. HP: 17/23 MP: 4/6
  1277 | D:2      | Noticed Natasha
  1350 | D:2      | HP: 1/23 [Natasha (9)]
  1357 | D:2      | Killed from afar by Natasha

Vanquished Creatures
  A dart slug (D:2)
  A leopard gecko (D:1)
  3 giant cockroaches (D:1)
  2 goblins (D:1)
  5 hobgoblins (D:1)
  4 jackals (D:1)
  A kobold (D:1)
  4 bats (D:1)
  A frilled lizard (D:1)
  A rat (D:1)
23 creatures vanquished.
